 Dungeon Crawl Stone Soup version 0.14.1-23-g35e4e54 (webtiles) character file.

424 Kae the Firebug (level 6, -1/32 HPs)
             Began as a Tengu Fire Elementalist on June 10, 2014.
             Shot with an arrow by a centaur (8 damage)
             ... on Level 3 of the Dungeon.
             The game lasted 00:04:46 (3065 turns).

Kae the Firebug (Tengu Fire Elementalist)           Turns: 3065, Time: 00:04:46

HP  -1/32        AC  2     Str  8      XL: 6   Next:  0%
MP   6/14        EV 12     Int 18      God:
Gold 200         SH  0     Dex 14      Spells:  3 memorised,  5 levels left

rFire  . . .     SeeInvis .     i - +0 short sword
rCold  . . .     Clarity  .     a - +0 robe
rNeg   . . .     Conserve .     (no shield)
rPois  .         rCorr    .     (helmet restricted)
rElec  .         rRot     .     (no cloak)
SustAb . .       Spirit   .     (no gloves)
rMut   .         Warding  .     (boots unavailable)
Saprov . . .     Stasis   .     (no amulet)
MR     .....                    (no ring)
                                g - ring of regeneration

@: not resistant to hostile enchantments, fairly stealthy
A: able to fly, beak, talons 3
a: Fly


You were on level 3 of the Dungeon.
You were not hungry.

You visited 1 branch of the dungeon, and saw 3 of its levels.

You collected 200 gold pieces.

Inventory:

Hand weapons
 i - a +0,+0 short sword (weapon)
Armour
 a - a +0 robe (worn)
Comestibles
 c - 3 bread rations
 f - an apple
 m - a cheese
 p - a choko
 t - a rotting chunk of worker ant flesh
 u - a rotting chunk of bat flesh
Scrolls
 d - 2 scrolls of identify
 e - 3 scrolls of enchant armour {unknown}
 k - 2 scrolls of recharging {unknown}
 l - a scroll of enchant weapon I {unknown}
 o - 2 scrolls of fog {unknown}
 q - 2 scrolls of teleportation {unknown}
 v - a scroll of amnesia {unknown}
 x - a scroll of noise {unknown}
 y - a scroll of remove curse {unknown}
Jewellery
 g - a ring of regeneration (left hand)
Potions
 h - a potion of haste
 j - 3 potions of heal wounds
 n - a potion of paralysis {unknown}
 r - 2 potions of might
 s - a potion of restore abilities {unknown}
 w - 2 potions of invisibility {unknown}
Books
 b - a book of Flames

   Spells                             Type                      Level
   *Flame Tongue                      Conjuration/Fire             1
   *Throw Flame                       Conjuration/Fire             2
   *Conjure Flame                     Conjuration/Fire             3
   Inner Flame                        Hexes/Fire                   3
   Sticky Flame                       Conjuration/Fire             4
   Fireball                           Conjuration/Fire             5


   Skills:
 - Level 2.1 Dodging
 - Level 2.0 Stealth
 + Level 3.0 Spellcasting
 * Level 4.9 Conjurations
 * Level 5.0 Fire Magic


You had 5 spell levels left.
You knew the following spells:

 Your Spells              Type           Power        Failure   Level  Hunger
a - Flame Tongue          Conj/Fire      ###..        1%          1    None
b - Throw Flame           Conj/Fire      ###...       3%          2    ##.....
c - Conjure Flame         Conj/Fire      ###.....     10%         3    ###....


Dungeon Overview and Level Annotations

Branches:
Dungeon (3/15)

Altars:
Fedhas
Okawaru
Zin


Innate Abilities, Weirdness & Mutations

You can fly.
You have a beak for a mouth.
You have claws for feet.


Message History

Casting: Throw Flame
Confirm with . or Enter, or press ? or * to list all spells.
Aiming: Throw Flame
Press: ? - help, Shift-Dir - straight line, f/p - centaur
Aim: a centaur, wielding a bow (moderately wounded)
The puff of flame hits the centaur.
The centaur is heavily wounded.
The centaur shoots an arrow.
The arrow hits you!
* * * LOW HITPOINT WARNING * * *
The centaur shoots an arrow.
The arrow hits you!
* * * LOW HITPOINT WARNING * * *
Casting: Throw Flame
Confirm with . or Enter, or press ? or * to list all spells.
Aiming: Throw Flame
Press: ? - help, Shift-Dir - straight line, f/p - centaur
Aim: a centaur, wielding a bow (heavily wounded)
The puff of flame hits the centaur.
The centaur is almost dead.
The centaur shoots an arrow.
The arrow hits you!
You die...

#..........#
#..........#
#######.####
#.# #.# #.#
#.# #.# #@#
#.# #.. #..P
#..Pc #..PP_
.... PP
#..PP ...


You could see a centaur.

Vanquished Creatures
  A centaur (D:3)
  A worker ant (D:3)
  3 adders (D:2)
  2 giant mites
  3 worms (D:3)
  An orc (D:3)
  4 ball pythons
  9 bats
  4 giant cockroaches
  4 hobgoblins
  A quokka (D:2)
  2 giant geckos
  A giant newt (D:3)
  2 goblins (D:2)
  9 jackals
  8 kobolds
  8 rats
63 creatures vanquished.

Notes
Turn   | Place    | Note
--------------------------------------------------------------
     0 | D:1      | Kae, the Tengu Fire Elementalist, began the quest for the Orb.
     0 | D:1      | Reached XP level 1. HP: 10/10 MP: 3/3
    78 | D:1      | Reached XP level 2. HP: 10/15 MP: 0/5
   941 | D:1      | Reached XP level 3. HP: 10/19 MP: 7/7
  1383 | D:1      | Reached skill level 4 in Fire Magic
  1493 | D:2      | Learned a level 2 spell: Throw Flame
  1497 | D:2      | Learned a level 3 spell: Conjure Flame
  1835 | D:2      | Found an iron altar of Okawaru.
  1852 | D:2      | Reached XP level 4. HP: 11/24 MP: 5/9
  2617 | D:3      | Found a glowing silver altar of Zin.
  2743 | D:3      | Noticed a centaur
  2755 | D:3      | Killed a centaur
  2755 | D:3      | Reached XP level 5. HP: 21/28 MP: 3/13
  2834 | D:3      | Reached skill level 5 in Fire Magic
  2849 | D:3      | Reached XP level 6. HP: 10/32 MP: 0/14
  3052 | D:3      | Found a blossoming altar of Fedhas.
  3052 | D:3      | Noticed a centaur
  3065 | D:3      | Shot with an arrow by a centaur

Action                   |  1- 3 |  4- 6 || total
-------------------------+-------+-------++-------
Melee: Unarmed           |    32 |       ||    32
       Short sword       |    34 |    29 ||    63
 Cast: Flame Tongue      |    42 |    44 ||    86
       Throw Flame       |     2 |     6 ||     8
  Use: Potion            |       |     2 ||     2
       Scroll            |       |     1 ||     1
 Stab: Sleeping          |     3 |       ||     3
